 Dungeon Crawl Stone Soup version 0.24.0-37-gcf1ca852f1 (webtiles) character file.

Game seed: 11656459422660437902, levelgen mode: deterministic

60 Emblim88 the Charlatan (level 3, 0/27 HPs)
             Began as a Demonspawn Artificer on Nov 23, 2019.
             Slain by Terence
             ... wielding a +2 short sword of draining
              (2 damage)
             ... on level 1 of the Dungeon.
             The game lasted 00:03:17 (2282 turns).

Emblim88 the Charlatan (Demonspawn Artificer)       Turns: 2282, Time: 00:03:18

Health: 0/27       AC:  5    Str: 10    XL:     3   Next: 80%
Magic:  5/5        EV: 10    Int: 12    God:
Gold:   69         SH:  0    Dex: 13    Spells: 2/2 levels left

rFire    . . .     SeeInvis .   a - +1 short sword
rCold    . . .     Gourm    .   (no shield)
rNeg     . . .     Faith    .   j - +1 leather armour {rPois}
rPois    +         Spirit   .   (no helmet)
rElec    .         Reflect  .   (no cloak)
rCorr    .         Harm     .   l - +0 pair of gloves
MR       .....                  (no boots)
Stlth    +.........             (no amulet)
HPRegen  0.09/turn              i - -3 ring of strength (curse)
MPRegen  0.09/turn              (no ring)

@: flying, very heavily drained
A: claws 1
a: no special abilities


You were on level 1 of the Dungeon.
You were not hungry.

You visited 1 branch of the dungeon, and saw 2 of its levels.

You collected 69 gold pieces.

Inventory:

Hand Weapons
 a - a +1 short sword (weapon)
Armour
 h - a +0 leather armour of fire resistance
 j - a +1 leather armour of poison resistance (worn)
 k - a +0 ring mail
 l - a +0 pair of gloves (worn)
Jewellery
 i - a cursed -3 ring of strength (left hand)
Wands
 d - a wand of enslavement (15)
 e - a wand of random effects (15)
Scrolls
 m - a scroll of remove curse {unknown}
Comestibles
 f - 2 rations


   Skills:
 + Level 1.9(0.0) Fighting
 + Level 1.8(0.0) Short Blades
 + Level 2.4(0.0) Dodging
 - Level 0.8(0.0) Stealth
 + Level 3.5(0.0) Evocations


You had 2 spell levels left.
You didn't know any spells.
Your spell library was empty.

Dungeon Overview and Level Annotations

Branches:
Dungeon (2/15)

Altars:
Xom
The Shining One

Annotations:
D:1 Terence


Innate Abilities, Weirdness & Mutations

You have sharp fingernails.


Message History

You fly up into the air.
Terence hits you but does no damage.
You feel drained.
You hit Terence but do no damage.
Terence is severely wounded.
Terence hits you but does no damage.
You feel drained.
You barely miss Terence.
Terence is severely wounded.
Terence hits you with a +2 short sword of draining.
* * * LOW HITPOINT WARNING * * *
You feel drained.
You hit Terence.
Terence is severely wounded.
Terence hits you with a +2 short sword of draining.
* * * LOW HITPOINT WARNING * * *
You feel drained.
You hit Terence.
Terence is almost dead.
Terence hits you with a +2 short sword of draining.
* * * LOW HITPOINT WARNING * * *
You feel drained.
You die...

##########...#####
#........'...'....
#.########...#####
#....# #..)# #..
#....# #..)# #.#
#....# #...# #.#
#.########...# #..
#@...[..##########
#@†.....'.....(...
##......##########
#......# #......#
#......# #......#
######## ###


You could see Terence.

Vanquished Creatures
  A gnoll (D:1)
  4 worms (D:2)
  3 leopard geckos
  5 bats
  4 giant cockroaches
  3 goblins
  3 hobgoblins
  3 jackals (D:1)
  2 kobolds
  3 frilled lizards (D:1)
  3 rats
34 creatures vanquished.

Notes
Turn   | Place    | Note
-------+----------+-------------------------------------------
     0 | D:1      | Emblim88 the Demonspawn Artificer began the quest for the
                  | Orb.
     0 | D:1      | Reached XP level 1. HP: 15/15 MP: 3/3
    70 | D:1      | Reached skill level 1 in Short Blades
   419 | D:1      | Gained mutation: You have sharp fingernails. [demonic
                  | ancestry]
   419 | D:1      | Reached XP level 2. HP: 11/21 MP: 4/4
  1103 | D:1      | Reached XP level 3. HP: 26/26 MP: 5/5
  1834 | D:2      | Found a shimmering altar of Xom.
  1859 | D:2      | Found a glowing golden altar of the Shining One.
  2255 | D:2      | Noticed Terence
  2265 | D:2      | HP: 1/27 [Terence/+2 short sword of draining (1)]
  2282 | D:1      | Slain by Terence

Levels and vault maps discovered:
D:1:      nicolae_arrival_washed_ashore, layout_basic
D:2:      layout_basic, nicolae_overflow_crystal_walls,
          nicolae_overflow_hidden_temple, lemuel_crystal_altar, uniq_sigmund,
          uniq_terence

Skill      XL: |  1 |
---------------+----+-----
Short Blades   | 1 |  1.8
Dodging        | 2 |  2.4
Fighting       | |  1.9
Stealth        | |  0.8
Evocations     | |  3.5

Action                   || total
-------------------------++-------
Melee: Short sword       ||   176
Evoke: Wand              ||    15
  Use: Scroll            ||     3
       Potion            ||     3
  Eat: Ration            ||     1
       Chunk             ||     1
Armor: Leather armour    ||    60
Dodge: Dodged            ||   158
